 Dungeon Crawl Stone Soup version 0.30.1-11-g7821555f0a (webtiles) character file.

Game seed: 1768614773896318904

1179 Glitchless the Cutter (level 8, 0/45 HPs)
             Began as a Vampire Enchanter on Dec 5, 2023.
             Was a Believer of Qazlal.
             Slain by an acid dragon (5 damage)
             ... on level 6 of the Dungeon.
             The game lasted 00:41:11 (5693 turns).

Glitchless the Cutter (Vampire Enchanter)           Turns: 5693, Time: 00:41:12

Health: 0/45       AC:  6    Str:  7    XL:     8   Next: 18%
Magic:  13/13      EV: 14    Int: 20    God:    Qazlal [**....]
Gold:   268        SH:  3    Dex: 14    Spells: 9/14 levels left

rFire   . . .        e - +3 dagger (speed)
rCold   + + .        (no shield)
rNeg    + + +        b - +0 robe
rPois   ∞            q - +1 hat
rElec   .            a - +2 cloak
rCorr   .            (no gloves)
SInv    +            (no boots)
Will    .....        (no amulet)
Stlth   ++++         (no ring)
HPRegen 0.00/turn    (no ring)
MPRegen 0.13/turn

%: no passive effects
@: about to teleport, bloodless, inhibited regen
A: bloodless, fangs 3, see invisible, vampiric 2
a: Bat Form, Revivify, Renounce Religion, Upheaval


You were on level 6 of the Dungeon.
You worshipped Qazlal.
Qazlal was pleased with you.
You visited 2 branches of the dungeon, and saw 7 of its levels.

You collected 288 gold pieces.
You spent 20 gold pieces at shops.

Inventory:

Hand Weapons
 e - a +3 dagger of speed (weapon)
 g - a +1 dagger of venom
Missiles
 i - 14 poisoned darts (quivered)
Armour
 a - a +2 cloak (worn)
 b - a +0 robe (worn)
 q - a +1 hat (worn)
Jewellery
 l - a ring of ice
 p - an amulet of guardian spirit
Wands
 r - a wand of flame (27)
Scrolls
 f - a scroll of teleportation
 s - a scroll of fear {unknown}
 u - a scroll of fog
Potions
 c - 2 potions of invisibility
 d - a potion of flight
 h - a potion of brilliance {unknown}
 j - a potion of mutation {unknown}
 k - a potion of degeneration {unknown}
 m - a potion of cancellation {unknown}
 n - a potion of curing {unknown}
 o - a potion of lignification {unknown}
 t - a potion of attraction {unknown}


   Skills:
 * Level 2.5 Fighting
 * Level 6.2(6.3) Short Blades
 * Level 1.6(3.9) Long Blades
 * Level 5.4 Dodging
 - Level 5.5 Stealth
 * Level 3.8 Spellcasting
 * Level 6.2 Hexes
 + Level 0.1 Evocations


You had 9 spell levels left.
You knew the following spells:

 Your Spells              Type           Power      Damage    Failure   Level
a - Tukima's Dance        Hex            28%        N/A       3%          3
b - Ensorcelled Hibernat  Hex/Ice        32%        N/A       5%          2

Your spell library contained the following spells:

 Spells                   Type           Power      Damage    Failure   Level
 Confusing Touch          Hex            28%        N/A       3%          3
 Dazzling Flash           Conj/Hex       32%        N/A       11%         3


Dungeon Overview and Level Annotations

Branches:
Dungeon (6/15)             Temple (1/1) D:4

Altars:
Ashenzari
Dithmenos
Fedhas
Gozag
Hepliaklqana
Kikubaaqudgha
Nemelex Xobeh
Okawaru
Qazlal
Ru
Sif Muna
Uskayaw
Vehumet
Xom
Yredelemnul

Shops:
D:2 *(   D:5 =


Innate Abilities, Weirdness & Mutations

You do not regenerate when monsters are visible.
You are frail without blood (-20% HP).
You can heal yourself when you bite living creatures.
You are immune to poison.
You have razor-sharp teeth.
You have supernaturally acute eyesight. (SInv)
You are afflicted with vampirism and can become a bat while bloodless.


Message History

Found a scroll of vulnerability.
You see here a scroll of immolation.
You open the door.
There is an open door here.
Found 8 gold pieces.
You now have 268 gold pieces (gained 8).
An adder comes into view.
The adder hisses angrily.
The adder barely misses you.
You hit the adder.
The adder is moderately wounded.
The adder bites you but does no damage.
You hit the adder.
The adder is heavily wounded.
You hit the adder.
The adder is almost dead.
The adder bites you but does no damage.
You closely miss the adder.
The adder is almost dead.
The adder bites you.
You hit the adder.
You kill the adder!
Qazlal accepts your kill.
You see here an adder corpse.
You hear a roar!
An acid dragon comes into view.
The acid dragon roars!
You closely miss the acid dragon.
You hit the acid dragon but do no damage.
You hit the acid dragon. Your bite misses the acid dragon.
The acid dragon is lightly wounded.
The acid dragon spits acid at you. The splash of acid hits you!!!
Ouch! That really hurt!
* * * LOW HITPOINT WARNING * * *
As you read the scroll of teleportation, it crumbles to dust.
You feel strangely unstable. The acid dragon bites you.
* * * LOW HITPOINT WARNING * * *
The acid dragon claws you.
You die...

###################
#.............†...#
#.###############.#
#.# #...D.#.# #.#
#@#.# ##.#######
#.#.# ..........
#.#.######
##.######.
#.........# #.#
###........ #.#
....###.. #.# ###.#
#.. ... ### .###


You could see an acid dragon (catching breath).

Vanquished Creatures
  Menkaure (D:4)
  A water moccasin (D:6)
  2 black bears
  An ogre (D:4)
  A phantom (D:5)
  A scorpion (D:5)
  2 orc priests
  3 hounds
  3 iguanas
  A sleepcap (D:5)
  An orc wizard (D:5)
  Natasha (thrice) (D:4)
  9 adders
  A river rat (D:3)
  An ufetubus (D:4)
  2 worms
  3 dart slugs
  8 orcs
  4 bats
  10 endoplasms
  3 giant cockroaches (D:3)
  6 hobgoblins
  4 jackals (D:2)
  7 kobolds
  6 quokkas
  10 ball pythons
  8 frilled lizards
  12 goblins
  5 rats
119 creatures vanquished.

Vanquished Creatures (others)
  An orc wizard (D:5)
1 creature vanquished.

Grand Total: 120 creatures vanquished

Notes
Turn   | Place    | Note
-------+----------+-------------------------------------------
     0 | D:1      | Glitchless the Vampire Enchanter began the quest for the
                  | Orb.
     0 | D:1      | Reached XP level 1. HP: 13/13 MP: 3/3
   283 | D:1      | Reached skill level 5 in Hexes
   297 | D:1      | Reached XP level 2. HP: 15/19 MP: 5/5
   902 | D:2      | Gained mutation: You are afflicted with vampirism and can
                  | become a bat while bloodless. [Vampire growth]
   902 | D:2      | Reached XP level 3. HP: 23/24 MP: 6/6
  1032 | D:2      | Reached skill level 5 in Stealth
  1459 | D:2      | Found a broken altar of Ashenzari.
  1482 | D:2      | Found Remu's Weapon Boutique.
  1518 | D:2      | Reached XP level 4. HP: 27/30 MP: 7/7
  1520 | D:2      | Found Zaoc's General Store.
  1548 | D:2      | Bought a scroll of identify for 20 gold pieces
  2158 | D:3      | Found a sacrificial altar of Ru.
  2388 | D:3      | Found a faded altar of an unknown god.
  2429 | D:3      | Learned a level 3 spell: Tukima's Dance
  2432 | D:3      | Learned a level 2 spell: Ensorcelled Hibernation
  2438 | D:3      | Prayed at the altar of an unknown god.
  2438 | D:3      | Became a worshipper of Qazlal Stormbringer
  2438 | D:3      | Reached * piety under Qazlal
  2865 | D:3      | Reached XP level 5. HP: 36/36 MP: 8/8
  3069 | D:4      | Noticed Menkaure
  3087 | D:4      | Killed Menkaure
  3088 | D:4      | Reached skill level 1 in Fighting
  3088 | D:4      | Reached XP level 6. HP: 30/34 MP: 6/9
  3266 | D:4      | Reached skill level 1 in Long Blades
  3473 | D:4      | Reached ** piety under Qazlal
  3593 | D:4      | You fall into a shaft and drop 2 floors!
  3641 | D:5      | Entered Level 5 of the Dungeon
  3739 | D:5      | Reached XP level 7. HP: 34/40 MP: 11/11
  3918 | D:4      | Noticed Natasha
  3930 | D:4      | Killed Natasha
  3945 | D:4      | Found a sparkling altar of Nemelex Xobeh.
  3945 | D:4      | Found a hide-covered altar of Uskayaw.
  3950 | D:4      | Found a faded altar of an unknown god.
  3952 | D:4      | Found a faded altar of an unknown god.
  3953 | D:4      | Found a shadowy altar of Dithmenos.
  4046 | D:4      | Reached skill level 5 in Short Blades
  4168 | D:4      | Found a staircase to the Ecumenical Temple.
  4169 | D:4      | Noticed Natasha
  4182 | D:4      | Killed Natasha
  4322 | D:4      | Noticed Natasha
  4336 | D:4      | Killed Natasha
  4367 | Temple   | Entered the Ecumenical Temple
  4628 | D:5      | Found Wipsuhuy's Jewellery Boutique.
  4759 | D:5      | Reached skill level 5 in Dodging
  4870 | D:5      | Found a blossoming altar of Fedhas.
  4928 | D:5      | Reached XP level 8. HP: 45/45 MP: 13/13
  5514 | D:6      | Found an opulent altar of Gozag.
  5693 | D:6      | Slain by an acid dragon

Illustrated notes

Levels and vault maps discovered:
D:1:      wheals_arrival_linesprint, layout_basic, minmay_pentomino_s2
D:2:      layout_basic, serial_shops, shop, shop, basic_altar, kennysheep_donut,
          columned_hall_lemuel, serial_bayou_ford_a, minmay_lizard_king
D:3:      layout_basic, nicolae_ru_awakened_eye, gup_sewer_entry_bubbles,
          shapermc_ecumenical_altar_ellora, fountainhead
D:4:      layout_basic, overflow_temple_1_default,
          chequers_temple_overflow_minitemple, minmay_temple_entry_overgrown,
          amcnicky_mini_rare_corridor_liquid, uniq_menkaure, uniq_natasha
D:5:      layout_basic, mainiacjoe_overflow_small_starburst,
          chequers_serial_rivers_large_b, nicolae_stop_n_shop_2
D:6:      layout_basic, lemuel_tele_altar, mainiacjoe_overflow_brackets,
          serial_shops, shop, shop, uniq_prince_ribbit1
Temple:   hellmonk_temple_rainy

Skill      XL: |  1  2  3  4  5  6  7  8 |
---------------+-------------------------+-----
Hexes          | 5 6 |  6.2
Stealth        | 5 |  5.5
Short Blades   | 2 3 4 5 6 |  6.2
Fighting       | 1 2 |  2.5
Dodging        | 3 5 |  5.4
Long Blades    | 1 |  1.6
Spellcasting   | 3 |  3.8
Evocations     | |  0.1

Action                     |  1- 3 |  4- 6 |  7- 9 || total
---------------------------+-------+-------+-------++-------
  Melee: Dagger            |   165 |   274 |   193 ||   632
         Bite              |    12 |    31 |    29 ||    72
         Punch             |       |       |     4 ||     4
   Cast: Tukima's Dance    |       |     1 |       ||     1
Ability: Exsanguinate      |       |     1 |       ||     1
  Evoke: Wand              |       |     3 |       ||     3
    Use: Scroll            |       |    10 |     1 ||    11
         Potion            |       |     3 |       ||     3
   Stab: Sleeping          |     5 |     4 |       ||     9
 Armour: Robe              |    17 |    45 |    23 ||    85
  Dodge: Dodged            |    66 |   102 |    56 ||   224
  Block: Other             |       |     4 |    11 ||    15
